Construct Section Command Post
Construct Section Command Post
Construct Section Command Post
Construct Section Command Post
Construct Field Infirmary
Selects Air and Sea Battlegroup
Selects Commando Section Paradrop
Selects M1 Pack Howitzer Paradrop
M1 Pack Howitzer Paradrop
M1 Pack Howitzer Paradrop
M1 Pack Howitzer Paradrop
M1 Pack Howitzer Paradrop
M1 Pack Howitzer Paradrop
M1 Pack Howitzer Paradrop
M1 Pack Howitzer Paradrop
M1 Pack Howitzer Paradrop
Commando Section Paradrop
Selects Anti-tank Rocket Loiter
Commando Section Paradrop